Workbook
Name \c: [1]CALCS!#REF!
Name \c: [1]CALCS!#REF!
Name \c: [1]CALCS!#REF!
Name \i: [1]CALCS!#REF!
Name \i: [1]CALCS!#REF!
Name \i: [1]CALCS!#REF!
Name \l: [1]CALCS!$AJ$11
Name \t: [1]CALCS!#REF!
Name _00APL: #REF!
Name _00APL: #REF!
Name _00APL: #REF!
Name _00AUG: #REF!
Name _00AUG: #REF!
Name _00AUG: #REF!
Name _00DEC: #REF!
Name _00DEC: #REF!
Name _00DEC: #REF!
Name _00FEB: #REF!
Name _00JAN: #REF!
Name _00JUL: #REF!
Name _00JUN: #REF!
Name _00MAR: #REF!
Name _00MAY: #REF!
Name _00NOV: #REF!
Name _00OCT: #REF!
Name _00SEP: #REF!
Name _01APL: #REF!
Name _01AUG: #REF!
Name _01DEC: #REF!
Name _01FEB: #REF!
Name _01JAN: #REF!
Name _01JUL: #REF!
Name _01JUN: #REF!
Name _01MAR: #REF!
Name _01MAY: #REF!
Name _01NOV: #REF!
Name _01OCT: #REF!
Name _01SEP: #REF!
Name _02APL: #REF!
Name _02AUG: #REF!
Name _02DEC: #REF!
Name _02FEB: #REF!
Name _02JAN: #REF!
Name _02JUL: #REF!
Name _02JUN: #REF!
Name _02MAR: #REF!
Name _02MAY: #REF!
Name _02NOV: #REF!
Name _02OCT: #REF!
Name _02SEP: #REF!
Name _03APL: #REF!
Name _03AUG: #REF!
Name _03DEC: #REF!
Name _03FEB: #REF!
Name _03JAN: #REF!
Name _03JUL: #REF!
Name _03JUN: #REF!
Name _03MAR: #REF!
Name _03MAY: #REF!
Name _03NOV: #REF!

Sheet SUMMARY
B3: Section 1 | C3: Preliminary and General (Part A, B and C) @ 15% | D3: =0.15*SUM(D4+D12+D19) -> #REF!
B4: PART A: Specon Pipeline Replacement Phase | D4: =SUM(D5:D10) -> #REF!
B5: Section 2: | C5: Earthworks (Pipe Trenches | D5: ='Part-A '!#REF! -> #REF!
B6: Section 3: | C6: Medium Pressure Pipelines | D6: ='Part-A '!#REF! -> #REF!
B7: Section 4: | C7: Bedding (Flexible Pipes) | D7: ='Part-A '!G382 -> 0
B8: Section 5: | C8: Pipe Jacking | D8: ='Part-A '!G415 -> 0
B9: Section 6: | C9: Cathodic Protection | D9: ='Part-A '!#REF! -> #REF!
B10: Section 7: | C10: Service Roads | D10: ='Part-A '!G495 -> 0
B12: PART B: Refurbishment of Olifantspoort Water Treatment Works | D12: =SUM(D13:D17) -> 33075221
B13: Section 2: | C13: Water Treatment Works Process | D13: ='Part B'!I116 -> 15996291
B14: Section 3: | C14: Mechanical Refurbishment | D14: ='Part B'!I130 -> 4301577
B15: Section 4: | C15: Electrical Refurbishment | D15: ='Part B'!I184 -> 6717727
B16: Section 5: | C16: Control and Instrumentation Refurbishment | D16: ='Part B'!I250 -> 3676020
B17: Section 6: | C17: Buildings and Minor Civil Works | D17: ='Part B'!I756 -> 2383606.6
B19: PART C: Rehabilitation of Megoring and Thakgalang River Crossings | D19: =SUM(D20:D25) -> 21726719
B20: Section A2: | C20: Megoring Earthworks (Pipe Trenches) | D20: ='Part C'!G100 -> 651350
B21: Section A3: | C21: Megoring Medium Pressure Pipelines | D21: ='Part C'!G230 -> 10737271
B22: Section A4: | C22: Megoring Bedding (Flexible Pipes) | D22: ='Part C'!G279 -> 912400
B23: Section B2: | C23: Thakgalang Earthworks (Pipe Trenches) | D23: ='Part C'!G374 -> 717850
B24: Section B3: | C24: Thakgalang Medium Pressure Pipelines | D24: ='Part C'!G462 -> 8206848.4
B25: Section B4: | C25: Thakgalang Bedding (Flexible Pipes) | D25: ='Part C'!G511 -> 501000
B27: SUB-TOTAL 1 | C27: Section 1 + Part A + Part B + Part C | D27: =D4+D12+D19+D3 -> #REF!
B28: Contingencies at 10% of Sub-Total 1 | D28: =0.1*D27 -> #REF!
B29: SUB-TOTAL 2 | D29: =D27+D28 -> #REF!
B30: Escalation at 10% of Sub-Total 2 | D30: =0.1*D29 -> #REF!
B31: SUB-TOTAL 3 | D31: =D29+D30 -> #REF!
B32: VAT at 15% of Sub-Total 3 | D32: =0.15*D31 -> #REF!
B33: GRAND TOTAL (Sub-Total 1 and Sub-Total 2) | D33: =D31+D32 -> #REF!

Sheet P&G
A1: SECTION 1: PRELIMINARY & GENERAL -SANS 1200A / 1200AB
A2: ITEM No | B2: PAYMENT REF | C2: DESCRIPTION | D2: UNIT | E2: QTY | F2: RATE | G2: AMOUNT R
A4: 1.1 | B4: PSA8.3 | C4: Scheduled Fixed-Time Charge Items
A6: 1.1.1 | B6: PSA8.3.1 | C6: Fixed Preliminary and Genaral charges | D6: Sum | E6: 1
B8: SANS 1200AB
A9: 1.1.2 | B9: 8.2.1 | C9: Establishing Facilities for Engineer | D9: Sum | E9: 1
B11: SANS 1200A
A12: 1.1.3 | B12: 8.3.2.2 | C12: Establishing Facilities for Contractor | D12: Sum | E12: 1
A14: 1.1.4 | B14: 8.3.3 | C14: Other Fixed-charge Obligations | D14: Sum | E14: 1
A16: 1.1.5 | B16: 8.3.4 | C16: Removal of Site Establishment | D16: Sum | E16: 1
A18: 1.1.6 | B18: PSA8.8 | C18: The preparation of risk assessments, safe work procedures, and plan. Provision of Personal Protection Equipment and Clothing and any other health and safety matters according to the Project specifications | D18: Sum | E18: 1
A20: 1.1.7 | B20: PSA8.9 | C20: Compliance with Environmental Management Plan | D20: Sum | E20: 1
A22: 1.2 | B22: PSA8.4 | C22: Scheduled Time Raleted Items
A24: 1.2.1 | B24: PSA8.4.1 | C24: Time related preliminary and general | D24: Sum | E24: 1
B26: SANS 1200AB
B27: 8.2.1 | C27: Operation and Maintenance of Facilities for Engineer | D27: Sum | E27: 1
B29: SANS 1200A
A30: 1.2.2 | B30: 8.4.2.2 | C30: Operation and Maintenance of Facilities for Contractor | D30: Sum | E30: 1
A32: 1.2.3 | B32: 8.4.3 | C32: Supervision for The Duration of Construction | D32: Sum | E32: 1
A34: 1.2.4 | B34: 8.4.4 | C34: Company and Head office Overhead for Duration of Construction | D34: Sum | E34: 1
A36: 1.2.5 | B36: 8.4.5 | C36: Other Time-related Obligations | D36: Sum | E36: 1
A37: 1.2.6 | B37: PSA8.4.5.1 | C37: Supervision and Training of Nominated Sub-contractors | D37: Sum | E37: 1
A38: Carried Forward
A39: SECTION 1: PRELIMINARY & GENERAL -SANS 1200A / 1200AB
A40: ITEM No | B40: PAYMENT REF | C40: DESCRIPTION | D40: UNIT | E40: QTY | F40: RATE | G40: AMOUNT R
A41: Brought Forward
A43: 1.2.7 | B43: PSA8.4.5.2 | C43: Salary for Labour Desk office and Community Liaison officer | D43: Sum | E43: 1
A45: 1.2.8 | B45: PSA8.4.5.3 | C45: Artisans and Skills accredited Training | D45: Sum | E45: 1
A47: 1.2.9 | B47: PSA8.4.5.4 | C47: Specialised Services | D47: Sum | E47: 1
A49: 1.2.10 | B49: PSA8.8 | C49: Full Compliance with all Health and Safety specifications | D49: Sum | E49: 1
A51: 1.2.11 | B51: PSA8.9 | C51: Compliance with EMP | D51: Sum | E51: 1
A53: 1.3 | B53: PSA8.5 | C53: Sums Stated Provisionally by Engineer
A55: 1.3.1 | C55: Cellular communications and data bundles | D55: Prov Sum | E55: 1 | F55: 24000 | G55: =E55*F55 -> 24000
A57: 1.3.2 | C57: Supply of computer, printer and associated equipment to become property of the Engineer at the end of the Contract | D57: Prov Sum | E57: 1 | F57: 45000 | G57: =E57*F57 -> 45000
A59: 1.3.3 | B59: PSA8.5.1 | C59: Works Executed by the Contractor | D59: Prov Sum | E59: 1 | F59: =G59 -> 50000 | G59: 50000
A61: 1.3.4 | C61: Relocation of Existing Services (inclusive all Discussions, Liaison, Labour and Material) | D61: Prov Sum | E61: 1 | F61: =G61 -> 150000 | G61: 150000
A63: 1.3.4 | B63: 8.8.5 (a) | C63: Search for and Record Trigonometrically Survey Beacons, Bench Marks and Plot Boundary Pegs, and Expose on Completion of Works | D63: Prov Sum | E63: 1 | F63: =G63 -> 10000 | G63: 10000
A65: 1.3.5 | C65: Electromechanical Refurbishment and Repairs of 10ML Package Plant including valves replacement and pipeworks. Testing and Commissioning of Package Plant including all 'As Built' Drawings and Manuals (3-Sets Hard Copies and 1-Set Soft-copy on USB) | D65: Prov Sum | E65: 1 | F65: 6500000 | G65: =F65 -> 6500000
A66: 1.3.6 | C66: Percentage (%) mark-up on item 1.3.1 to 1.3.5 above for Contractor's overheads, administration charges and profit | D66: % | E66: 10 | F66: =F55+F57+F59+F61+F63+F65 -> 6779000 | G66: =F66*E66/100 -> 677900
A67: 1.4 | B67: PSA8.6 | C67: Prime Cost Sums
A68: 1.4.1 | B68: PSA8.6 (a) | C68: Allowance for accredited training | D68: PC Sum | F68: 650000 | G68: =F68 -> 650000
A69: 1.4.2 | B69: PSA8.6 (a) | C69: Community Liaison Officers (CLO) | D69: PC Sum | E69: 1 | F69: 360000 | G69: =F69 -> 360000
A70: Carried Forward
A71: SECTION 1: PRELIMINARY & GENERAL -SANS 1200A / 1200AB
A72: ITEM No | B72: PAYMENT REF | C72: DESCRIPTION | D72: UNIT | E72: QTY | F72: RATE | G72: AMOUNT R
A73: Brought Forward
A74: 1.4 | B74: PSA8.6 | C74: Prime Cost Sums
A76: 1.4.1 | B76: PSA8.6 (a) | C76: Allowance for accredited training | D76: PC Sum | F76: 650000 | G76: =F76 -> 650000
A78: 1.4.2 | B78: PSA8.6 (a) | C78: Community Liaison Officers (CLO) | D78: PC Sum | E78: 1 | F78: 360000 | G78: =F78 -> 360000
A80: 1.4.3 | C80: Construction Management Assistance for Emerging Contractors | D80: PC Sum | E80: 1 | F80: =750000*2 -> 1500000 | G80: =F80 -> 1500000
A81: 1.4.4 | C81: Preliminary and General for Emerging Contractors | D81: PC Sum | E81: 1 | F81: 3700000 | G81: =F81 -> 3700000
A82: 1.4.5 | C82: Percentage (%) mark-up on item 1.4.1 to 1.4.4 above for Contractor's overheads, administration charges and profit | D82: % | E82: 10 | F82: =G76+G78+G80+G81 -> 6210000 | G82: =F82*E82/100 -> 621000
A83: 1.5 | B83: PSA 8.7 | C83: Dayworks
C85: (a) Using The Contractor's Labour force
A87: 1.5.1 | C87: 1. Labourer | D87: hour | E87: 200
A89: 1.5.2 | C89: 2. Driver | D89: hour | E89: 100
A91: 1.5.3 | C91: 3. Operator | D91: hour | E91: 50
A93: 1.5.4 | C93: 4. Artisan | D93: hour | E93: 50
A95: 1.5.5 | C95: 5. Welder | D95: hour | E95: 50
A97: 1.5.6 | C97: 6. Foreman | D97: hour | E97: 50
A99: 1.5.7 | C99: 7. Security Guard | D99: day | E99: 50
C101: (b) Using Contractor's Plant
A103: 1.5.8 | C103: 1. Ldv (1 ton) | D103: hour | E103: 200
A105: 1.5.9 | C105: 2. Flat Truck (3 to 5 ton) | D105: hour | E105: 50
A107: 1.5.10 | C107: 3. Tip Truck (10m3) | D107: hour | E107: 50
A109: Carried Forward
A110: SECTION 1: PRELIMINARY & GENERAL -SANS 1200A / 1200AB
A111: ITEM No | B111: PAYMENT REF | C111: DESCRIPTION | D111: UNIT | E111: QTY | F111: RATE | G111: AMOUNT R
A112: Brought Forward
A113: 1.5.11 | C113: 4. Backhoe | D113: hour | E113: 50
A115: 1.5.12 | C115: 5. Trench Vibrating Roller | D115: hour | E115: 50
A117: 1.5.13 | C117: 7. Air compressor, including all tools (Drills, Jackhammers, etc) | D117: hour | E117: 50
A119: 1.5.14 | C119: 8. Pump, including all Necessary Hosing and Pipes | D119: hour | E119: 200
A121: 1.5.15 | C121: 9. Concrete Mixer | D121: hour | E121: 20
A123: 1.5.16 | C123: 10. Water Truck (10 000 L) | D123: hour | E123: 50
A126: TOTAL SECTION 1 CARRIED TO SUMMARY | G126: =SUMMARY!D3 -> #REF!

Sheet Sheet3
A1: Section 1 | B1: Preliminary and General (Part A, B and C)
A2: PART A: Specon Pipeline Replacement Phase
A3: Section 2: | B3: Earthworks (Pipe Trenches
A4: Section 3: | B4: Medium Pressure Pipelines
A5: Section 4: | B5: Bedding (Flexible Pipes)
A6: Section 5: | B6: Pipe Jacking
A7: Section 6: | B7: Cathodic Protection
A8: Section 7: | B8: Service Roads
A10: PART B: Refurbishment of Olifantspoort Water Treatment Works
A11: Section 2: | B11: Water Treatment Works Process
A12: Section 3: | B12: Mechanical Refurbishment
A13: Section 4: | B13: Electrical Refurbishment
A14: Section 5: | B14: Control and Instrumentation Refurbishment
A15: Section 6: | B15: Buildings and Minor Civil Works
A17: PART C: Rehabilitation of Megoring and Thakgalang River Crossings
A18: Section A2: | B18: Megoring Earthworks (Pipe Trenches)
A19: Section A3: | B19: Megoring Medium Pressure Pipelines
A20: Section A4: | B20: Megoring Bedding (Flexible Pipes)
A21: Section B2: | B21: Thakgalang Earthworks (Pipe Trenches)
A22: Section B3: | B22: Thakgalang Medium Pressure Pipelines
A23: Section B4: | B23: Thakgalang Bedding (Flexible Pipes)
A25: SUB-TOTAL 1 | B25: Section 1 + Part A + Part B + Part C
A26: Contingencies at 10% of Sub-Total 1
A27: SUB-TOTAL 2
A28: Escalation at 10% of Sub-Total 2
A29: SUB-TOTAL 3
A30: VAT at 15% of Sub-Total 3
A31: GRAND TOTAL (Sub-Total 1 and Sub-Total 2)

Sheet P&Gs
A1: SECTION 1: PRELIMINARY & GENERAL -SANS 1200A / 1200AB
A2: ITEM No | B2: PAYMENT REF | C2: DESCRIPTION | D2: UNIT | E2: QTY | F2: RATE | G2: AMOUNT R
A3: 1.1 | B3: PSA8.3 | C3: Scheduled Fixed-Time Charge Items
A4: 1.1.1 | B4: PSA8.3.1 | C4: Fixed Preliminary and Genaral charges | D4: Sum | E4: 1
B5: SANS 1200AB
A6: 1.1.2 | B6: 8.2.1 | C6: Establishing Facilities for Engineer | D6: Sum | E6: 1
B7: SANS 1200A
A8: 1.1.3 | B8: 8.3.2.2 | C8: Establishing Facilities for Contractor | D8: Sum | E8: 1
A9: 1.1.4 | B9: 8.3.3 | C9: Other Fixed-charge Obligations | D9: Sum | E9: 1
A10: 1.1.5 | B10: 8.3.4 | C10: Removal of Site Establishment | D10: Sum | E10: 1
A11: 1.1.6 | B11: PSA8.8 | C11: The preparation of risk assessments, safe work procedures, and plan. Provision of Personal Protection Equipment and Clothing and any other health and safety matters according to the Project specifications | D11: Sum | E11: 1
A12: 1.1.7 | B12: PSA8.9 | C12: Compliance with Environmental Management Plan | D12: Sum | E12: 1
A13: 1.2 | B13: PSA8.4 | C13: Scheduled Time Raleted Items
A14: 1.2.1 | B14: PSA8.4.1 | C14: Time related preliminary and general | D14: Sum | E14: 1
B15: SANS 1200AB
B16: 8.2.1 | C16: Operation and Maintenance of Facilities for Engineer | D16: Sum | E16: 1
B17: SANS 1200A
A18: 1.2.2 | B18: 8.4.2.2 | C18: Operation and Maintenance of Facilities for Contractor | D18: Sum | E18: 1
A19: 1.2.3 | B19: 8.4.3 | C19: Supervision for The Duration of Construction | D19: Sum | E19: 1
A20: 1.2.4 | B20: 8.4.4 | C20: Company and Head office Overhead for Duration of Construction | D20: Sum | E20: 1
A21: 1.2.5 | B21: 8.4.5 | C21: Other Time-related Obligations | D21: Sum | E21: 1
A22: 1.2.6 | B22: PSA8.4.5.1 | C22: Supervision and Training of Nominated Sub-contractors | D22: Sum | E22: 1
A23: Carried Forward
A24: SECTION 1: PRELIMINARY & GENERAL -SANS 1200A / 1200AB
A25: ITEM No | B25: PAYMENT REF | C25: DESCRIPTION | D25: UNIT | E25: QTY | F25: RATE | G25: AMOUNT R
A26: Brought Forward
A27: 1.2.7 | B27: PSA8.4.5.2 | C27: Salary for Labour Desk office and Community Liaison officer | D27: Sum | E27: 1
A28: 1.2.8 | B28: PSA8.4.5.3 | C28: Artisans and Skills accredited Training | D28: Sum | E28: 1
A29: 1.2.9 | B29: PSA8.4.5.4 | C29: Specialised Services | D29: Sum | E29: 1
A30: 1.2.10 | B30: PSA8.8 | C30: Full Compliance with all Health and Safety specifications | D30: Sum | E30: 1
A31: 1.3 | B31: PSA8.5 | C31: Sums Stated Provisionally by Engineer
A32: 1.3.1 | C32: Cellular communications and data bundles | D32: Prov Sum | E32: 1 | F32: 24000 | G32: =E32*F32 -> 24000
A33: 1.3.2 | C33: Supply of computer, printer and associated equipment to become property of the Engineer at the end of the Contract | D33: Prov Sum | E33: 1 | F33: 45000 | G33: =E33*F33 -> 45000
A34: 1.3.3 | B34: PSA8.5.1 | C34: Works Executed by the Contractor | D34: Prov Sum | E34: 1 | F34: =G34 -> 50000 | G34: 50000
A35: 1.3.4 | C35: Relocation of Existing Services (inclusive all Discussions, Liaison, Labour and Material) | D35: Prov Sum | E35: 1 | F35: =G35 -> 150000 | G35: 150000
A36: 1.3.4 | B36: 8.8.5 (a) | C36: Search for and Record Trigonometrically Survey Beacons, Bench Marks and Plot Boundary Pegs, and Expose on Completion of Works | D36: Prov Sum | E36: 1 | F36: =G36 -> 10000 | G36: 10000
A37: 1.3.5 | C37: Electromechanical Refurbishment and Repairs of 10ML Package Plant including valves replacement and pipeworks. Testing and Commissioning of Package Plant including all 'As Built' Drawings and Manuals (3-Sets Hard Copies and 1-Set Soft-copy on USB) | D37: Prov Sum | E37: 1 | F37: 6500000 | G37: =F37 -> 6500000
A38: 1.3.6 | C38: Percentage (%) mark-up on item 1.3.1 to 1.3.5 above for Contractor's overheads, administration charges and profit | D38: % | E38: 10 | F38: =F32+F33+F34+F35+F36+F37 -> 6779000 | G38: =F38*E38/100 -> 677900
A39: 1.4 | B39: PSA8.6 | C39: Prime Cost Sums
A40: 1.4.1 | B40: PSA8.6 (a) | C40: Allowance for accredited training | D40: PC Sum | F40: 650000 | G40: =F40 -> 650000
A41: 1.4.2 | B41: PSA8.6 (a) | C41: Community Liaison Officers (CLO) | D41: PC Sum | E41: 1 | F41: 360000 | G41: =F41 -> 360000
A42: Carried Forward
A43: SECTION 1: PRELIMINARY & GENERAL -SANS 1200A / 1200AB
A44: ITEM No | B44: PAYMENT REF | C44: DESCRIPTION | D44: UNIT | E44: QTY | F44: RATE | G44: AMOUNT R
A45: Brought Forward
A46: 1.4 | B46: PSA8.6 | C46: Prime Cost Sums
A47: 1.4.1 | B47: PSA8.6 (a) | C47: Allowance for accredited training | D47: PC Sum | F47: 650000 | G47: =F47 -> 650000
A48: 1.4.2 | B48: PSA8.6 (a) | C48: Community Liaison Officers (CLO) | D48: PC Sum | E48: 1 | F48: 360000 | G48: =F48 -> 360000
A49: 1.4.3 | C49: Construction Management Assistance for Emerging Contractors | D49: PC Sum | E49: 1 | F49: =750000*2 -> 1500000 | G49: =F49 -> 1500000
A50: 1.4.4 | C50: Preliminary and General for Emerging Contractors | D50: PC Sum | E50: 1 | F50: 3700000 | G50: =F50 -> 3700000
A51: 1.4.5 | C51: Percentage (%) mark-up on item 1.4.1 to 1.4.4 above for Contractor's overheads, administration charges and profit | D51: % | E51: 10 | F51: =G47+G48+G49+G50 -> 6210000 | G51: =F51*E51/100 -> 621000
C52: (a) Using The Contractor's Labour force
A53: 1.5.1 | C53: 1. Labourer | D53: hour | E53: 200
A54: 1.5.2 | C54: 2. Driver | D54: hour | E54: 100
A55: 1.5.3 | C55: 3. Operator | D55: hour | E55: 50
A56: 1.5.4 | C56: 4. Artisan | D56: hour | E56: 50
A57: 1.5.5 | C57: 5. Welder | D57: hour | E57: 50
A58: 1.5.6 | C58: 6. Foreman | D58: hour | E58: 50
A59: 1.5.7 | C59: 7. Security Guard | D59: day | E59: 50
C60: (b) Using Contractor's Plant
A61: 1.5.8 | C61: 1. Ldv (1 ton) | D61: hour | E61: 200
A62: 1.5.9 | C62: 2. Flat Truck (3 to 5 ton) | D62: hour | E62: 50
A63: 1.5.10 | C63: 3. Tip Truck (10m3) | D63: hour | E63: 50
A64: 1.5.11 | C64: 4. Backhoe | D64: hour | E64: 50
A65: 1.5.11 | C65: 4. Backhoe | D65: hour | E65: 50
A66: 1.5.12 | C66: 5. Trench Vibrating Roller | D66: hour | E66: 50
A67: 1.5.13 | C67: 7. Air compressor, including all tools (Drills, Jackhammers, etc) | D67: hour | E67: 50
A68: 1.5.14 | C68: 8. Pump, including all Necessary Hosing and Pipes | D68: hour | E68: 200
A69: 1.5.15 | C69: 9. Concrete Mixer | D69: hour | E69: 20
A70: 1.5.16 | C70: 10. Water Truck (10 000 L) | D70: hour | E70: 50
A71: Total Section 1 Carried to Summary

Sheet Part-A 
A1: SECTION 2: EARTHWORKS (PIPE TRENCHES) - SANS 1200DB
A2: ITEM No | B2: PAYMENT REF | C2: DESCRIPTION | D2: UNIT | E2: QTY | F2: RATE | G2: AMOUNT R
A4: 2.1 | B4: 8.3.1 | C4: Site Clearance
A6: 2.1.1 | B6: 8.3.1 (a) | C6: Clear Vegetation and Trees of Girth Up to 1m (4m Wide Strip) | D6: m | E6: 7020
A8: 2.1.2 | B8: 8.3.1 (b) | C8: Clear Trees of Girth Over 1,0 m and Designated Obstacles | D8: No | E8: 5
A10: 2.1.3 | B10: PSDB 8.3.1 (c) | C10: Remove topsoil (strip to 150 mm Deep x 3 m wide), Stockpile, Prevent Dust Nuisance and Reinstate on Upon Completion | D10: m² | E10: =E6*3 -> 21060
G11: =IF(E11>0, E11*F11, " ")
A12: 2.2 | B12: 8.3.2 | C12: Excavation | G12: =IF(E12>0, E12*F12, " ")
G13: =IF(E13>0, E13*F13, " ")
B14: 8.3.2 (a) | C14: Excavate in all Materials for Trenches, Backfill, Compact and Dispose of Surplus Material with Depth Over and Up to: | G14: =IF(E14>0, E14*F14, " ")
A16: 2.2.1 | C16: 1.0 m 2.0 m | D16: m3 | E16: 9000
A18: 2.2.2 | C18: 2.0 m 3.0 m | D18: m3 | E18: 22000
A20: 2.2.3 | C20: 3.0 m 4.0 m | D20: m3 | E20: 300
A22: 2.2.4 | C22: 4.0 m 5.0 m | D22: m3 | E22: 350
A24: 2.2.5 | C24: 5.0 m 6.0 m | D24: m3 | E24: 100
B26: PSDB8.3.2 | C26: Extra-over Item (a) above for:
A28: 2.2.6 | B28: 8.3.2 (b) (2) | C28: Hard Rock Excavation | D28: m³ | E28: 8010
A30: 2.2.7 | B30: PSDB 8.3.2 | C30: Excavate and Dispose of Boulders Class A | D30: m³ | E30: 80
A32: 2.2.8 | B32: 8.3.2 (c) | C32: Excavate and Dispose of Unsuitable Material From Trench Bottom (provisional) | D32: m³ | E32: 1588
G33: =IF(E33>0, E33*F33, " ")
A34: 2.3 | B34: 8.3.3 | C34: Excavation ancillaries | G34: =IF(E34>0, E34*F34, " ")
G35: =IF(E35>0, E35*F35, " ")
B36: 8.3.3.1 | C36: Make Up Deficiency in Backfill Material (provisional)
A38: Carried Forward
A39: SECTION 2: EARTHWORKS (PIPE TRENCHES) - SANS 1200DB
A40: ITEM No | B40: PAYMENT REF | C40: DESCRIPTION | D40: UNIT | E40: QTY | F40: RATE | G40: AMOUNT R
A41: Brought Forward
A43: 2.3.1 | B43: 8.3.3.1 (a) | C43: From Other Necessary Excavations On Site | D43: m³ | E43: 4290
A45: 2.3.2 | B45: PSDB 8.3.3.3 | C45: Compaction in Road Reserves
A47: 2.3.2.1 | B47: 8.3.3.3 (a) | C47: Under roadways to 93% MOD AASHTO | D47: m³ | E47: 250
A49: 2.3.2.2 | B49: 8.3.3.3 (b) | C49: Elswhere to 93% to MOD AASHTO | D49: m³ | E49: 60
A51: 2.4 | B51: 8.3.5 | C51: Existing Services that intersect or adjoin Pipe Trench
B53: 8.3.5(a) | C53: Services That intersect a Trench
A55: 2.4.1 | C55: 1) Stock Fences | D55: No | E55: 10
A57: 2.4.2 | C57: 2) Storm Water Pipes | D57: No | E57: 3
A59: 2.4.3 | C59: 3) Water Pipes | D59: No | E59: 2
A61: 2.4.4 | C61: 4) Overhead Electrical Lines | D61: No | E61: 3
A63: 2.4.5 | C63: 5) Overhead Telephone Lines | D63: No | E63: 2
A65: 2.4.6 | C65: 6) Gravel Roads | D65: No | E65: 11
B67: 8.3.5 (b) | C67: Services That adjoin a Trench | G67: =IF(E67>0, E67*F67, " ")
A69: 2.4.7 | C69: 1) Stock Fence | D69: m | E69: 100
A71: 2.4.8 | C71: 2) Water / Storm Water Pipes | D71: m | E71: 50
A73: 2.4.9 | C73: 3) Overhead Electrical Lines | D73: m | E73: 100
A75: 2.4.10 | C75: 4) Overhead Telephone Lines | D75: m | E75: 30
A77: 2.5 | B77: 8.3.6 | C77: Finishing
B79: 8.3.6.1 | C79: Reinstate Road Surfaces Complete
A81: 2.5.1 | B81: 8.3.6.1 (a) | C81: Gravel Road Surfaces | D81: m² | E81: 200
A83: 2.5.2 | B83: 8.3.6.1 (c) | C83: Tarred Road Surfaces (30mm thick) | D83: m² | E83: 90
A85: Carried Forward
A86: SECTION 3: MEDIUM PRESSURE PIPELINES - SANS 1200L
A87: ITEM No | B87: PAYMENT REF | C87: DESCRIPTION | D87: UNIT | E87: QTY | F87: RATE | G87: AMOUNT R
A88: Brought Forward
A90: 2.6 | B90: PSDB 8.3.7 | C90: Accommodation of traffic including bypass and signage | D90: Sum | E90: 1
A92: 3.1 | B92: 8.2.1 | C92: Steel Pipes
A94: 3.1.1 | C94: Supply, Lay, Bed, Join and Test 800 ND / 6 mm Wall Thickness Grade X42 Beveled Steel Pipes, Pipes are to be Welded with Coating and Lining as per PSCL Particular Specifications | D94: m | E94: 7050
A96: 3.2 | B96: 8.2.2 | C96: Steel Bends
A98: 3.2.1 | C98: Extra-Over for Item 3.1.1 to Supply, Lay, Join, Test and Bed 800 mm ND / 6 mm Wall Thickness Grade X42 Steel Bends with Solvent Free Liquid Epoxy Lining and Coating as per PSCL Particular Specifications for The Following:
A100: 3.2.1.1. | C100: 0º - 5º | D100: No | E100: 15
A102: 3.2.1.2 | C102: 5º - 15º | D102: No | E102: 7
A104: 3.2.1.3 | C104: 15º - 45º | D104: No | E104: 6
A106: 3.2.1.4 | C106: 45º - 60º | D106: No | E106: 4
A108: 3.2.1.5 | C108: 60º - 90º | D108: No | E108: 2
A110: 3.3 | B110: 8.2.2 | C110: Connection Fittings (Start & End)
A112: 3.3.1 | C112: Extra-Over for Item 3.1.1 to Supply, Lay, Join, Test and Bed 800 mm ND / 6 mm Wall Thickness Grade X42 Steel Fittings with Solvent Free Liquid Epoxy Lining and Coating as per PSCL Particular Specifications for The Following:
A114: 3.3.1.1 | C114: Lateral Tee (800mm ND, 45º Angle) | D114: No | E114: 2
A116: 3.3.1.2 | C116: Dismantling Coupling (800mm ND) | D116: No | E116: 2
A118: Carried Forward
A119: SECTION 3: MEDIUM PRESSURE PIPELINES - SANS 1200L
A120: ITEM No | B120: PAYMENT REF | C120: DESCRIPTION | D120: UNIT | E120: QTY | F120: RATE | G120: AMOUNT R
A121: Brought Forward
A123: 3.3.1.3 | C123: Blank Flange (800mm ND) | D123: No | E123: 2
A125: 3.4 | B125: PSL 8.2.3 | C125: VALVE CHAMBERS
A127: 3.4.1 | C127: Air Valve Chambers
A129: 3.4.1.1 | C129: Air Valve Chamber - PN25, Complete as Shown on Drawing P1001-OL1EM-CIV-3221. Construct Chambers Complete including Excavation, Reinforcement and Concrete Work, Supply Material and install Air Vents, access Ladders, as Shown on Relevant Drawings for The Following: Chamber depth = Fixed at 2m | D129: No | E129: 13
A131: 3.4.1.2 | C131: Extra Over 3.4.1.1 for Pipe Specials as Per Drawing 'P1001-OL1EM-CIV-1301 Air Valve Details for Supply and installation of Air Valve Chamber pipeworks and specials
A133: 3.4.1.2.1 | C133: AV 1: 800mm X 600mm Unequal Tee | D133: No | E133: 13
A135: 3.4.1.2.2 | C135: AV 2: 600mm Blank Flange with 150mm drilled opening with a 150mm Flanged Pipe Section. | D135: No | E135: 13
A137: 3.4.1.2.3 | C137: AV 3: 150mm RSV Gate Valve | D137: No | E137: 13
A139: 3.4.1.2.4 | C139: AV 4: 150mm Air Valve | D139: No | E139: 13
A141: 3.4.2 | C141: Scour Valve Chambers
A143: 3.4.2.1 | C143: Scour Valve Chamber Type-C for PN25, Complete as Shown on Drw: P1001-OL1EM-CIV-3224. Construct Chambers Complete including Excavation, Reinforcement and Concrete Work, Supply Material and install Air Vents, access Ladders, as Shown on Relevant Drawings for The Following: Chamber depth = 3.5m | D143: No | E143: 1
G144: =IF(E144>0, E144*F144, " ")
A145: 3.4.2.2 | C145: Extra Over 3.4.2.1 for Pipe Specials as Per Drawing 'P1001-OL1EM-CIV-1305 and 1306 for The Scour Valve Chamber
A147: Carried Forward
A148: SECTION 3: MEDIUM PRESSURE PIPELINES - SANS 1200L
A149: ITEM No | B149: PAYMENT REF | C149: DESCRIPTION | D149: UNIT | E149: QTY | F149: RATE | G149: AMOUNT R
A150: Brought Forward
A152: 3.4.2.2.1 | C152: CSV 1: 800mm X 600mm Reducer | D152: No | E152: 2
A154: 3.4.2.2.2 | C154: CSV 2: 600mm ND Straight Section | D154: No | E154: 2
G155: =IF(E155>0, E155*F155, " ")
A156: 3.4.2.2.3 | C156: CSV 3: 600mm X 600mm X 350mm X 100mm Unequal Tee | D156: No | E156: 2
A158: 3.4.2.2.4 | C158: CSV 4: 600mm Butterfly Valve | D158: No | E158: 1
A160: 3.4.2.2.5 | C160: CSV 5: 600mm Dismantling Coupling | D160: No | E160: 1
A162: 3.4.2.2.6 | C162: CSV 6: 350mm Wedge Gate Valve | D162: No | E162: 2
A164: 3.4.2.2.7 | C164: CSV 7: 350mm Dismantling Coupling | D164: No | E164: 2
A166: 3.4.2.2.8 | C166: CSV 8: 350mm Straight Pipe with Thrust Flange | D166: No | E166: 2
A168: 3.4.2.2.9 | C168: CSV 9: 100mm Medium Radius Bend | D168: No | E168: 2
A170: 3.4.2.2.10 | C170: CSV 10: 100mm RSV Gate Valve | D170: No | E170: 1
A172: 3.4.2.2.11 | C172: CSV 11: 100mm Dismantling Joint | D172: No | E172: 1
A174: 3.4.2.2.12 | C174: CSV 12: 100mm ND Straight Pipe Section | D174: No | E174: 1
...

Sheet Part-B
A1: SECTION 2 - OLIFANTSPOORT WATER TREATMENT WORKS PROCESS
A2: ITEM No | B2: PAYMENT REF | C2: DESCRIPTION | F2: UNIT | G2: QTY | H2: RATE | I2: AMOUNT
A3: 1 | C3: WATER TREATMENT WORKS PROCESS WORKS
A4: 1.1 | C4: Lime Dosing System
A5: 1.1.1 | C5: Design, manufacture, test at works, supply, install and test at site of Mechanical Lifting Device to lift 25kg bags of Lime | F5: No | G5: 1
A6: 1.1.2 | C6: Design, manufacture, test at works, supply, install and test at site 500kg Hydrated Lime Storage Silo with Conical Lower Section at an Angle of 70° to the Horizontal complete with | F6: No | G6: 1
A7: 1.1.3 | C7: Design, supply and install Steel Steps and Platform to facilitate empting 25kg bags of lime into the Silo | F7: No | G7: 1
A8: 1.1.4 | C8: Design, manufacture, test at works, supply, install and test at site of Lime Screw Feeder with capacity to feed 8kg dry hudrated lime per hour to mixing tank complete with variable speed controlled motor compete with PLC panel | F8: No | G8: 1
A9: 1.1.5 | C9: Design, manufacture, test at works, supply, install and test at site of a peristaltic pump suitable to pump 100l/h of lime slurry complete with accessories | F9: No | G9: 1
A10: 1.1.6 | C10: Design, manufacture, test at works, supply, install and test at site of Vibrating Bin Activator connected to the bottom of Silo Cone incorporated with a manually operated Knife-gate Isolation Valve | F10: no | G10: 1
A11: 1.1.7 | C11: Commissioning of pre-chlorine dosing system | F11: sum | G11: 1
A12: 1.2 | C12: Pre-Chlorine Dosing System
A13: 1.2.1 | C13: Chloring cylinder scale with full functional LED indicator | F13: no | G13: 2
A14: 1.2.2 | C14: Cylinder to be fitted with automatic container shut-off/auto valve shutdown system | F14: no | G14: 2
A15: 1.2.3 | C15: Vacuum eductors with rotameters and control valve to supply up to 20kg/h | F15: no | G15: 2
A16: Carried Forward
A17: SECTION 2 - OLIFANTSPOORT WATER TREATMENT WORKS PROCESS
A18: ITEM No | B18: PAYMENT REF | C18: DESCRIPTION | F18: UNIT | G18: QTY | H18: RATE | I18: AMOUNT
A19: Brought Forward
A20: 1.2.4 | C20: Chlorine 80uPVC pipework, measurement and all fittings to be confimed on sideto be confimed on site | F20: sum | G20: 1
A21: 1.2.5 | C21: Pre-chorine load cells | F21: no | G21: 2
A22: 1.2.6 | C22: Chlorine room safety equipment includng gas leak detection, safety shower and eye wash, breathing apparatus and safety/warning signage | F22: sum | G22: 1
A23: 1.2.7 | C23: Pre-chloring dosing pumps with flow meter complete with control Panel | F23: no | G23: 3
A24: 1.2.8 | C24: Refurbishment of the makeup water pumps | F24: no | G24: 3
A25: 1.2.10 | C25: Commissioning of pre-chlorine dosing system | F25: sum | G25: 1
A26: 1.3 | C26: Power Activate Carbon (PAC) Dosing System
A27: 1.3.1 | C27: Refurbishment of PAC dosing system including replacement of 3 dosing pumps | F27: sum | G27: 1
A28: 1.3.2 | C28: Design, supply and install PAC pump MCC panel (3 dosing pumps) complete with PLC panel | F28: no | G28: 1
A29: 1.3.3 | C29: Commissioning of the PAC dosing system | F29: sum | G29: 1
A30: 1.4 | C30: Polyelctrolyte Dosing System
A31: 1.4.1 | C31: Supply and install polyelectrolyte feeder pipeline with hydrant connector (75mm with adaptors to accommodate 50mm, 75mm and 100mm for different tanker suppliers) | F31: sum | G31: 1
A32: 1.4.2 | C32: Replace the polyelectrolyte transfer pump (0.75kW) with new dual polyelectrolyte transfer pumps complete with local control MCC panel | F32: no | G32: 2
A33: 1.4.3 | C33: Supply and installation of 25mm diameter PVC pipeline complete with valves on the transfer pumps to enable recirculating of polyelectrolyte | F33: sum | G33: 1
A34: 1.4.4 | C34: Supply and install 25mm diamter valve with clip-on 10m detachable flexible hose | F34: Sum | G34: 1
A35: 1.4.5 | C35: Mixer on polyelectrolyte make-up tank (EML MS80114 or equivalent) | F35: no | G35: 1
A36: Carried Forward
A37: SECTION 2 - OLIFANTSPOORT WATER TREATMENT WORKS PROCESS
A38: ITEM No | B38: PAYMENT REF | C38: DESCRIPTION | F38: UNIT | G38: QTY | H38: RATE | I38: AMOUNT
A39: Brought Forward
A40: 1.4.6 | C40: Flow meter on 25mm polyelectrolyte dosing line to measure up to 50l/h | F40: no | G40: 2
A41: 1.4.7 | C41: 1.8m chemical feeder across flow channel (Module 1) | F41: no | G41: 1
A42: 1.5 | C42: Post-Chlorine Dosing System
A43: 1.5.1 | C43: Chlorine room safety equipment includng gas leak detection, safety shower and eye wash, breathing apparatus and safety/warning signage | F43: sum | G43: 1
A44: 1.5.2 | C44: Post-chlorine dosing pumps with flow meter complete with control Panel | F44: no | G44: 3
A45: 1.6 | C45: Module 1 Rapid Mix and Flocculation Channel
A46: 1.6.1 | B46: PSG8.1.1 | C46: Formwork
A47: 1.6.1.1 | B47: 8.2 | C47: Scheduled Formwork Items
A48: 1.6.1.1.1 | B48: 8.2.2 | C48: Smooth
C49: a) Vertical plane to walls of channel Rapid Mixer | F49: m² | G49: 25
C50: b) Vertical plane to First 5 Flocculation Channels | F50: m² | G50: 32
C51: c) Vertical plane to Last 5 Flocculation Channels | F51: m² | G51: 160
A52: 1.6.1.2 | B52: 8.3 | C52: Scheduled Reinforcement Items
B53: 8.3.1 | C53: a) High tensile steel bars Y12 | F53: t | G53: 0.8
C54: (Rapid Mixer - Wall Extensions)
B55: 8.3.1 | C55: b) High tensile steel bars Y12 | F55: t | G55: 0.62
C56: (First 5 Flocculation Channels Wall Ext)
B57: 8.3.1 | C57: c) High tensile steel bars Y12 | F57: t | G57: 2.2
C58: (Last 5 Flocculation Channels Wall Ext)
A59: 1.6.1.3 | B59: 8.4 | C59: Scheduled Concrete Items
A60: 1.6.1.3.1 | B60: 8.4.3 | C60: Grade 25/19 for:
C61: a) Rapid Mixer | F61: m³ | G61: 3.6
C62: b) First 5 Flocculation Channels | F62: m³ | G62: 2.8
A63: Carried Forward
A64: SECTION 2 - OLIFANTSPOORT WATER TREATMENT WORKS PROCESS
A66: ITEM No | B66: PAYMENT REF | C66: DESCRIPTION | F66: UNIT | G66: QTY | H66: RATE | I66: AMOUNT
A67: Brought Forward
A68: 1.6.1.3.2 | B68: 8.4.4 | C68: Unformed surface finishes
C69: a) Steel float finish to Rapid Mixer walls | F69: m² | G69: 25
C70: b) Steel float finish to First 5 Flocculation Channel walls | F70: m² | G70: 32
C71: c) Steel float finish to Last 5 Flocculation Channel walls | F71: m² | G71: 160
A72: 1.6.1.4 | B72: 8.5 | C72: Joints
C73: Form Construction joints complete with sealing, waterstop, bandage joint as applicable for the following:
C74: a) Rapid Mixer | F74: m | G74: 12
C75: b) First 5 Flocculation Channels | F75: m | G75: 31
C76: c) Last 5 Flocculation Channels | F76: m | G76: 55
A77: 1.6.1.5 | B77: 8.7 | C77: Grouting
C78: a) Rapid Mixer (Wall Extensions) | F78: No | G78: 120
C79: (Hole of 100mm x 150mm x 150mm)
C80: b) First 5 Flocculation Channels (Wall Ext) | F80: No | G80: 310
C81: (Hole of 100mm x 150mm x 150mm)
C82: c) Last 5 Flocculation Channels (Wall Ext) | F82: No | G82: 550
C83: (Hole of 100mm x 150mm x 150mm)
A84: 1.6.1.6 | B84: PSG | C84: Sundries
B85: PSG8.9 | C85: a) Testing Channel for water tightness | F85: Sum | G85: 1
B86: PSG8.10 | C86: b) Cleaning, disinfecting and sterilising channels | F86: Sum | G86: 1
C87: c) Waterproofing concrete admixure | F87: Litres | G87: 650
C88: d) Scarify existing concrete walls for better bonding between old & new concrete (250mm wide walls) | F88: m | G88: 490
A89: 1.7 | C89: Module 1 Sedimentation Basins
A90: 1.7.1 | C90: Drain and Clean sedimetation basin 11mx42m | F90: no | G90: 3
A91: Carried Forward
A92: SECTION 2 - OLIFANTSPOORT WATER TREATMENT WORKS PROCESS
A94: ITEM No | B94: PAYMENT REF | C94: DESCRIPTION | F94: UNIT | G94: QTY | H94: RATE | I94: AMOUNT
A95: Brought Forward
A96: 1.7.3 | C96: Supply and install baffle plate 11m x 1.5m | F96: m² | G96: =11*1.5 -> 16.5
A97: 1.7.4 | C97: Supply and install steel Vee notch overflow weir 9m length | F97: m | G97: 18
A98: 1.8 | C98: Module 2 Sedimentation Basins
A99: 1.8.1 | C99: Drain and Clean sedimetation basin 17mx38,6m | F99: no | G99: 2
A100: 1.8.2 | C100: Supply and install steel framework for lamella tube settlers as per supplier's specification | F100: m³ | G100: 153
A101: 1.8.3 | C101: Supply and install baffle plate 11m x 1.5m | F101: m² | G101: 16.5
A102: 1.8.4 | C102: Supply and install steel Vee notch overflow weir 9m length | F102: m | G102: 18
...

Sheet Part-C
A1: SECTION A2 - MEGORING: EARTHWORKS (PIPE TRENCHES) - SANS 1200DB
A2: ITEM No | B2: PAYMENT REF | C2: DESCRIPTION | D2: UNIT | E2: QTY | F2: RATE | G2: AMOUNT R
A4: A2.1 | B4: 8.3.1 | C4: Site Clearance
A6: A2.1.1 | B6: 8.3.1 (a) | C6: Clear Vegetation and Trees of Girth Up to 1m (m 6 Wide Strip) | D6: m | E6: 240
A8: A2.1.2 | B8: 8.3.1 (b) | C8: Clear Trees of Girth Over 1,0 m and Designated Obstacles | D8: No | E8: Rate Only
A10: A2.1.3 | B10: PSDB 8.3.1 (c) | C10: Remove topsoil (strip to 150 mm Deep), Stockpile, Prevent Dust Nuisance and Reinstate on Upon Completion | D10: m² | E10: 480
A12: A2.2 | B12: 8.3.2 | C12: Excavation
B14: 8.3.2 (a) | C14: Excavate in all Materials for Trenches, Backfill, Compact and Dispose of Surplus Material with Depth Over and Up to:
A16: A2.2.1 | C16: 1.0 m 2.0 m | D16: m3 | E16: 50
A18: A2.2.2 | C18: 2.0 m 3.0 m | D18: m3 | E18: 1000
A20: A2.2.3 | C20: 3.0 m 4.0 m | D20: m3 | E20: 200
A22: A2.2.4 | C22: 4.0 m 5.0 m | D22: m3 | E22: 10
B24: PSDB8.3.2 | C24: Extra-over Item (a) above for:
A26: A2.2.5 | B26: 8.3.2 (b) (2) | C26: Hard Rock Excavation | D26: m³ | E26: 20
A28: A2.2.6 | B28: PSDB 8.3.2 | C28: Excavate and Dispose of Boulders Class A | D28: m³ | E28: 10
A30: A2.2.7 | B30: 8.3.2 (c) | C30: Excavate and Dispose of Unsuitable Material From Trench Bottom (provisional) | D30: m³ | E30: 50
A32: A2.3 | B32: 8.3.3 | C32: Excavation ancillaries
B34: 8.3.3.1 | C34: Make Up Deficiency in Backfill Material (provisional)
A36: A2.3.1 | B36: 8.3.3.1 (a) | C36: From Other Necessary Excavations On Site | D36: m³ | E36: 50
A38: A2.3.2 | B38: PSDB 8.3.3.3 | C38: Compaction in Road Reserves
A40: A2.3.2.1 | B40: 8.3.3.3 (a) | C40: Under roadways to 93% MOD AASHTO | D40: m³ | E40: 200
A42: A2.3.2.2 | B42: 8.3.3.3 (b) | C42: Elswhere to 93% to MOD AASHTO | D42: m³ | E42: 50
A43: Carried Forward
A44: SECTION A2 - MEGORING: EARTHWORKS (PIPE TRENCHES) - SANS 1200DB
A45: ITEM No | B45: PAYMENT REF | C45: DESCRIPTION | D45: UNIT | E45: QTY | F45: RATE | G45: AMOUNT R
A46: Brought Forward
A48: A2.4 | B48: 8.3.5 | C48: Existing Services that intersect or adjoin a Pipe Trench
B50: 8.3.5(a) | C50: Services That intersect a Trench
A52: A2.4.1 | C52: 1) Stock Fences | D52: No | E52: Rate Only
A54: A2.4.2 | C54: 2) Storm Water Pipes | D54: No | E54: Rate Only
A56: A2.4.3 | C56: 3) Water Pipes | D56: No | E56: Rate Only
A58: A2.4.4 | C58: 4) Gravel Roads | D58: No | E58: 2
B60: 8.3.5 (b) | C60: Services That adjoin a Trench
A62: A2.4.5 | C62: 1) Stock Fence | D62: m | E62: Rate Only
A64: A2.4.6 | C64: 2) Storm Water Pipes | D64: m | E64: 10
A66: A2.4.7 | C66: 3) Water Pipes | D66: m | E66: 165
A68: A2.5 | B68: PSDB8.3.6 | C68: Finishing
B70: 8.3.6.1 | C70: Reinstate Road Surfaces Complete
A72: A2.5.1 | B72: 8.3.6.1 (a) | C72: Gravel Road Surfaces | D72: m² | E72: 150
A74: A2.5.2 | B74: 8.3.7 | C74: Accommodation of traffic including bypass and signage | D74: Sum | E74: 1
A78: TOTAL SECTION A2 CARRIED TO SUMMARY
A79: SECTION A3 - MEGORING: MEDIUM PRESSURE PIPELINES - SANS 1200L
A80: ITEM No | B80: PAYMENT REF | C80: DESCRIPTION | D80: UNIT | E80: QTY | F80: RATE | G80: AMOUNT R
A81: A3.1 | B81: 8.2.1 | C81: Steel Pipes
A83: A3.1.1 | C83: Supply, Lay, Bed, Join and Test 600 ND / 8 mm Wall Thickness Grade X42 Beveled Steel Pipes, Pipes are to be Welded, CML internaly lined and Coated as per PSCL Particular Specifications. | D83: m | E83: 326
A85: A3.1.2 | C85: Temporary By-pass Pipeline (800 ND Steel Pipeline available at PS2 Pump Station Lebowakgomo)
C86: Temporary By-pass Pipeline & Existing Fittings - Transport, Lay, Join and Test 800 ND / 10 mm Wall Thickness Grade C Beveled Steel Pipes, Epoxy lined and primer coat externally. Allow for machining of rough pipe ends to allow for joining. | D86: m | E86: 160
A88: A3.1.3 | C88: Pre-Cast Concrete Plinths with Pipe Straps (Available at PS2 Pump Station Lebowakgomo)
C89: Pre-Cast Concrete Plinths inclusive of Transport, Earthworks & Excavation, preparation & compaction, leveling, Rubber insertions between plinths & pipes, all nuts and washers. | D89: no | E89: 21
A90: A3.1.4 | C90: Temporary By-pass Pipeline Dismantling
C91: Dismantling of the by-pass pipeline (800 ND) and transporting the Pipes & All Fittings back to PS2 Pump Station - Lebowakgomo) | D91: m | E91: 160
C93: Dismantling of the Plinth Pipe straps and transporting the plinths, straps, rubber insertions, nuts & washers back to PS2 Pump Station - Lebowakgomo) | D93: no | E93: 21
A95: A3.1.5 | C95: Existing 600 ND Steel Pipe cutting and transporting to PS2 Pump Station - Lebowakgomo) | D95: m | E95: 163
A97: A3.3 | B97: 8.2.2 | C97: Steel Fittings
A99: A3.3.1 | C99: Steel Bends PN40- Supply, Lay, Join, Test and Bed 600mm ND / 8mm Wall Thickness Grade X52 Steel Bends with Solvent Free Liquid Epoxy Lining and Coated as per PSCL Particular Specifications for The Following:
A101: Carried Forward
A102: SECTION A3 - MEGORING: MEDIUM PRESSURE PIPELINES - SANS 1200L
A103: ITEM No | B103: PAYMENT REF | C103: DESCRIPTION | D103: UNIT | E103: QTY | F103: RATE | G103: AMOUNT R
A104: A3.3.1.1 | C104: 0º - 5º | D104: No | E104: 8
A106: A3.3.1.2 | C106: 20º - 45º | D106: No | E106: 10
A108: A3.3.2.1 | C108: Straight Pipe Section, 600mm ND, roughly 500mm long, Flanged one side & plain ended the other side (Item number TC1) | D108: No | E108: 4
A110: A3.3.2.2 | C110: Dismantling Coupling, 600mm ND (Item number TC2) | D110: No | E110: 4
A112: A3.3.2.3 | C112: Straight Pipe Section, 600mm ND, 1000mm long, Flanged both sides (Item number TC3) | D112: No | E112: 4
A114: A3.3.2.4 | C114: Short Radius Bend, 600mm ND, Flanged both sides (Item number TC4) | D114: No | E114: 2
A116: A3.3.2.5 | C116: Straight Pipe Section, 600mm ND roughly 3000mm long, Flanged both sides (Item number TC5) | D116: No | E116: 2
A118: A3.3.2.6 | C118: Sweep Tee, 600mm ND, Flanged all sides (Item number TC6) | D118: No | E118: 2
A120: A3.3.2.7 | C120: Steel Reducer, 600mm ND to 800mm ND, Flanged on 600mm side & plain ended on 800mm side (Item number TC7) | D120: No | E120: 2
A122: A3.3.2.8 | C122: Steel Tee, 800mm x 800mm x 600mm ND, Flanged on 600mm side, plain ended the other two sides | D122: No | E122: 1
A124: A3.3.2.9 | C124: 600mm Blank Flange with 150mm drilled opening with a 150mm Flanged Pipe Section. | D124: No | E124: 1
A126: A3.3.2.10 | C126: 150mm RSV Gate Valve, Non-Rising Spindle & Hand Operated | D126: No | E126: 1
A127: A3.3.2.11 | C127: 150mm Air Valve, Double Orifice, Dual Action with mechanism to prevent slamming | D127: No | E127: 1
A129: Carried Forward
A130: SECTION A3 - MEGORING: MEDIUM PRESSURE PIPELINES - SANS 1200L
A131: ITEM No | B131: PAYMENT REF | C131: DESCRIPTION | D131: UNIT | E131: QTY | F131: RATE | G131: AMOUNT R
A132: Brought Forward
A133: A3.4 | B133: 8.2.3 | C133: VALVE CHAMBERS
A134: A3.4.1 | C134: Air Valve Chambers
A135: A3.4.1.1 | C135: Air Valve Chamber for 100DN double orfice vaccum break PN40 air valve including isolating valve, Complete as Shown on Drawing, including all the pipework, Excavation, Reinforcement and Concrete Work, Supply Material | D135: No | E135: 2
A137: A3.4.1.2 | C137: Dismantling fittings and valves inside existing air valve chambers and transport all items to PS2 Pump Station - Lebowakgomo). Demolish the existing air valve chamber structures and remove rubble. | D137: No | E137: 2
A139: A3.4.2 | C139: Scour Valve Chamber
A141: A3.4.2.1 | C141: Scour Valve Chamber PN40, with 2x 200mm Scour valves and 400mm dismantling coupling including 400mm isolating valve, with 100mm dia by-pass and gate valve. Complete as Shown on Drawing, including all the pipework, Excavation, Reinforcement and Concrete Work, Supply Material | D141: No | E141: 1
A143: A3.4.2.2 | C143: Dismantling fittings and valves inside existing scour valve chambers and transport all items to PS2 Pump Station - Lebowakgomo). Demolish the existing scour valve chamber structures and remove rubble. | D143: No | E143: 2
A145: A3.5 | C145: General
A147: A3.5.1 | B147: PSL5.11 | C147: Cut-in and Connect to Existing Water infrastructure within Stipulated Time Frame including all Pipework as Specified. Inclusive for Both 600mm ND pipelines, on both sides (start and end points) and for both the temporary by-pass pipeline and the new permanent two river crossing pipelines. | D147: Sum | E147: 1
A149: A3.5.2 | B149: PSPS3.16 | C149: Radiographic Examination and Testing of Pipe Welded Joints | D149: No | E149: 22
A151: TOTAL SECTION A3 CARRIED TO SUMMARY
A152: SECTION A4 - MEGORING: BEDDING (FLEXIBLE PIPES) - SANS 1200LB
A153: ITEM No | B153: PAYMENT REF | C153: DESCRIPTION | D153: UNIT | E153: QTY | F153: RATE | G153: AMOUNT R
A155: A4.1 | B155: PSLB 8.2.1 | C155: Provision of Bedding From Trench Excavation
A157: A4.1.1 | C157: a) Selected Granular Material | D157: m³ | E157: 30
A159: A4.1.2 | C159: B) Selected Fill Material | D159: m³ | E159: 14
A161: A4.2 | B161: 8.2.2 | C161: Supply only of Bedding By Importation
B163: 8.2.2.3 | C163: From Commercial Sources
A165: A4.2.1 | C165: a) Selected Granular Material | D165: m³ | E165: 260
A167: A4.2.2 | C167: B) Selected Fill Material | D167: m³ | E167: 80
A170: A4.3 | B170: 8.2.3 | C170: Encasing Pipes in Concrete
C172: Supply Material and Construct Concrete Encasement for 2 x 600 DN Pipes for River Crossings as Specified on Drawings.
A174: A4.3.1 | C174: Concrete Grade 15/19 | D174: m³ | E174: 294
A176: A4.3.2 | C176: Steel Mesh Ref No 100 | D176: m2 | E176: 1500
A179: TOTAL SECTION A4 CARRIED TO SUMMARY
...

Sheet Part B
A1: SECTION 2 - OLIFANTSPOORT WATER TREATMENT WORKS PROCESS
A2: ITEM No | B2: PAY REF | C2: DESCRIPTION | F2: UNIT | G2: QTY | H2: RATE | I2: AMOUNT
A3: 1 | C3: WATER TREATMENT WORKS PROCESS WORKS
A4: 1.1 | C4: Lime Dosing System
A5: 1.1.1 | C5: Design, manufacture, test at works, supply, install and test at site of Mechanical Lifting Device to lift 25kg bags of Lime | F5: No | G5: 1 | H5: 85756 | I5: =G5*H5 -> 85756
A6: 1.1.2 | C6: Design, manufacture, test at works, supply, install and test at site 500kg Hydrated Lime Storage Silo with Conical Lower Section at an Angle of 70° to the Horizontal complete with | F6: No | G6: 1 | H6: 485621 | I6: =G6*H6 -> 485621
A7: 1.1.3 | C7: Design, supply and install Steel Steps and Platform to facilitate empting 25kg bags of lime into the Silo | F7: No | G7: 1 | H7: 66101 | I7: =G7*H7 -> 66101
A8: 1.1.4 | C8: Design, manufacture, test at works, supply, install and test at site of Lime Screw Feeder with capacity to feed 8kg dry hudrated lime per hour to mixing tank complete with variable speed controlled motor compete with PLC panel | F8: No | G8: 1 | H8: 376521 | I8: =G8*H8 -> 376521
A9: 1.1.5 | C9: Design, manufacture, test at works, supply, install and test at site of a peristaltic pump suitable to pump 100l/h of lime slurry complete with accessories | F9: No | G9: 1 | H9: 254845 | I9: =G9*H9 -> 254845
A10: 1.1.6 | C10: Design, manufacture, test at works, supply, install and test at site of Vibrating Bin Activator connected to the bottom of Silo Cone incorporated with a manually operated Knife-gate Isolation Valve | F10: no | G10: 1 | H10: 402567 | I10: =G10*H10 -> 402567
A11: 1.1.7 | C11: Commissioning of pre-chlorine dosing system | F11: sum | G11: 1 | H11: 60000 | I11: =G11*H11 -> 60000
A12: 1.2 | C12: Pre-Chlorine Dosing System
A13: 1.2.1 | C13: Chloring cylinder scale with full functional LED indicator | F13: no | G13: 2 | H13: 17000 | I13: =G13*H13 -> 34000
A14: 1.2.2 | C14: Cylinder to be fitted with automatic container shut-off/auto valve shutdown system | F14: no | G14: 2 | H14: 17500 | I14: =G14*H14 -> 35000
A15: 1.2.3 | C15: Vacuum eductors with rotameters and control valve to supply up to 20kg/h | F15: no | G15: 2 | H15: 70000 | I15: =G15*H15 -> 140000
A16: 1.2.4 | C16: Chlorine 80uPVC pipework, measurement and all fittings to be confimed on sideto be confimed on site | F16: sum | G16: 1 | H16: 20000 | I16: =G16*H16 -> 20000
A17: 1.2.5 | C17: Pre-chorine load cells | F17: no | G17: 2 | H17: 80000 | I17: =G17*H17 -> 160000
A18: 1.2.6 | C18: Chlorine room safety equipment includng gas leak detection, safety shower and eye wash, breathing apparatus and safety/warning signage | F18: sum | G18: 1 | H18: 30000 | I18: =G18*H18 -> 30000
A19: 1.2.7 | C19: Pre-chloring dosing pumps with flow meter complete with control Panel | F19: no | G19: 3 | H19: 30000 | I19: =G19*H19 -> 90000
A20: 1.2.8 | C20: Refurbishment of the makeup water pumps | F20: no | G20: 3 | H20: 4500 | I20: =G20*H20 -> 13500
A21: 1.2.10 | C21: Commissioning of pre-chlorine dosing system | F21: sum | G21: 1 | H21: 60000 | I21: =G21*H21 -> 60000
A22: 1.3 | C22: Power Activate Carbon (PAC) Dosing System
A23: 1.3.1 | C23: Refurbishment of PAC dosing system including replacement of 3 dosing pumps | F23: sum | G23: 1 | H23: 150000 | I23: =G23*H23 -> 150000
A24: 1.3.2 | C24: Design, supply and install PAC pump MCC panel (3 dosing pumps) complete with PLC panel | F24: no | G24: 1 | H24: 115000 | I24: =G24*H24 -> 115000
A25: 1.3.3 | C25: Commissioning of the PAC dosing system | F25: sum | G25: 1 | H25: 60000 | I25: =G25*H25 -> 60000
A26: 1.4 | C26: Polyelctrolyte Dosing System
A27: 1.4.1 | C27: Supply and install polyelectrolyte feeder pipeline with hydrant connector (75mm with adaptors to accommodate 50mm, 75mm and 100mm for different tanker suppliers) | F27: sum | G27: 1 | H27: 40000 | I27: =G27*H27 -> 40000
A28: 1.4.2 | C28: Replace the polyelectrolyte transfer pump (0.75kW) with new dual polyelectrolyte transfer pumps complete with local control MCC panel | F28: no | G28: 2 | H28: =65000 -> 65000 | I28: =G28*H28 -> 130000
A29: 1.4.3 | C29: Supply and installation of 25mm diameter PVC pipeline complete with valves on the transfer pumps to enable recirculating of polyelectrolyte | F29: sum | G29: 1 | H29: 10000 | I29: =G29*H29 -> 10000
A30: 1.4.4 | C30: Supply and install 25mm diamter valve with clip-on 10m detachable flexible hose | F30: Sum | G30: 1 | H30: 10000 | I30: =G30*H30 -> 10000
A31: 1.4.5 | C31: Mixer on polyelectrolyte make-up tank (EML MS80114 or equivalent) | F31: no | G31: 1 | H31: 40000 | I31: =G31*H31 -> 40000
A32: 1.4.6 | C32: Flow meter on 25mm polyelectrolyte dosing line to measure up to 50l/h | F32: no | G32: 2 | H32: 17500 | I32: =G32*H32 -> 35000
A33: 1.4.7 | C33: 1.8m chemical feeder across flow channel (Module 1) | F33: no | G33: 1 | H33: 5000 | I33: =G33*H33 -> 5000
A34: 1.5 | C34: Post-Chlorine Dosing System
A35: 1.5.1 | C35: Chlorine room safety equipment includng gas leak detection, safety shower and eye wash, breathing apparatus and safety/warning signage | F35: sum | G35: 1 | H35: 40000 | I35: =G35*H35 -> 40000
A36: 1.5.2 | C36: Post-chlorine dosing pumps with flow meter complete with control Panel | F36: no | G36: 3 | H36: 22000 | I36: =G36*H36 -> 66000
A37: 1.6 | C37: Module 1 Rapid Mix and Flocculation Channel
A38: Carried Forward | I38: =SUM(I5:I37) -> 3014911
A39: SECTION 2 - OLIFANTSPOORT WATER TREATMENT WORKS PROCESS
A40: ITEM No | B40: PAY REF | C40: DESCRIPTION | F40: UNIT | G40: QTY | H40: RATE | I40: AMOUNT
A41: Brought Forward | I41: =I38 -> 3014911
A42: 1.6.1 | B42: PSG8.1.1 | C42: Formwork
A43: 1.6.1.1 | B43: 8.2 | C43: Scheduled Formwork Items
A44: 1.6.1.1.1 | B44: 8.2.2 | C44: Smooth
C45: a) Vertical plane to walls of channel Rapid Mixer | F45: m² | G45: 25 | H45: 570 | I45: =G45*H45 -> 14250
C46: b) Vertical plane to First 5 Flocculation Channels | F46: m² | G46: 32 | H46: 570 | I46: =G46*H46 -> 18240
C47: c) Vertical plane to Last 5 Flocculation Channels | F47: m² | G47: 160 | H47: 570 | I47: =G47*H47 -> 91200
A48: 1.6.1.2 | B48: 8.3 | C48: Scheduled Reinforcement Items
B49: 8.3.1 | C49: a) High tensile steel bars Y12 | F49: t | G49: 0.8 | H49: 19500 | I49: =G49*H49 -> 15600
C50: (Rapid Mixer - Wall Extensions)
B51: 8.3.1 | C51: b) High tensile steel bars Y12 | F51: t | G51: 0.62 | H51: 19500 | I51: =G51*H51 -> 12090
C52: (First 5 Flocculation Channels Wall Ext)
B53: 8.3.1 | C53: c) High tensile steel bars Y12 | F53: t | G53: 2.2 | H53: 19500 | I53: =G53*H53 -> 42900
C54: (Last 5 Flocculation Channels Wall Ext)
A55: 1.6.1.3 | B55: 8.4 | C55: Scheduled Concrete Items
A56: 1.6.1.3.1 | B56: 8.4.3 | C56: Grade 25/19 for:
C57: a) Rapid Mixer | F57: m³ | G57: 3.6 | H57: 2400 | I57: =G57*H57 -> 8640
C58: b) First 5 Flocculation Channels | F58: m³ | G58: 2.8 | H58: 2400 | I58: =G58*H58 -> 6720
C59: c) Last 5 Flocculation Channels | F59: m³ | G59: 10 | H59: 2400 | I59: =G59*H59 -> 24000
A60: 1.6.1.3.2 | B60: 8.4.4 | C60: Unformed surface finishes
C61: a) Steel float finish to Rapid Mixer walls | F61: m² | G61: 25 | H61: 45 | I61: =G61*H61 -> 1125
C62: b) Steel float finish to First 5 Flocculation Channel walls | F62: m² | G62: 32 | H62: 45 | I62: =G62*H62 -> 1440
C63: c) Steel float finish to Last 5 Flocculation Channel walls | F63: m² | G63: 160 | H63: 45 | I63: =G63*H63 -> 7200
A64: 1.6.1.4 | B64: 8.5 | C64: Joints
C65: Form Construction joints complete with sealing, waterstop, bandage joint as applicable for the following:
C66: a) Rapid Mixer | F66: m | G66: 12 | H66: 140 | I66: =G66*H66 -> 1680
C67: b) First 5 Flocculation Channels | F67: m | G67: 31 | H67: 140 | I67: =G67*H67 -> 4340
C68: c) Last 5 Flocculation Channels | F68: m | G68: 55 | H68: 140 | I68: =G68*H68 -> 7700
A69: 1.6.1.5 | B69: 8.7 | C69: Grouting
C70: a) Rapid Mixer (Wall Extensions) | F70: No | G70: 120 | H70: 180 | I70: =G70*H70 -> 21600
C71: (Hole of 100mm x 150mm x 150mm)
C72: b) First 5 Flocculation Channels (Wall Ext) | F72: No | G72: 310 | H72: 180 | I72: =G72*H72 -> 55800
C73: (Hole of 100mm x 150mm x 150mm)
C74: c) Last 5 Flocculation Channels (Wall Ext) | F74: No | G74: 550 | H74: 180 | I74: =G74*H74 -> 99000
C75: (Hole of 100mm x 150mm x 150mm)
A76: 1.6.1.6 | B76: PSG | C76: Sundries
B77: PSG8.9 | C77: a) Testing Channel for water tightness | F77: Sum | G77: 1 | H77: 50000 | I77: =G77*H77 -> 50000
B78: PSG8.10 | C78: b) Cleaning, disinfecting and sterilising channels | F78: Sum | G78: 1 | H78: 80000 | I78: =G78*H78 -> 80000
C79: c) Waterproofing concrete admixure | F79: Litres | G79: 650 | H79: 150 | I79: =G79*H79 -> 97500
C80: d) Scarify existing concrete walls for better bonding between old & new concrete (250mm wide walls) | F80: m | G80: 490 | H80: 330 | I80: =G80*H80 -> 161700
A81: 1.7 | C81: Module 1 Sedimentation Basins
A82: 1.7.1 | C82: Drain and Clean sedimetation basin 11mx42m | F82: no | G82: 3 | H82: =150000/3 -> 50000 | I82: =G82*H82 -> 150000
A83: 1.7.2 | C83: Supply and install steel framework for lamella tube settlers as per supplier's specification | F83: m³ | G83: 121 | H83: =3500000/121 -> 28925.62 | I83: =G83*H83 -> 3500000
A84: 1.7.3 | C84: Supply and install baffle plate 11m x 1.5m | F84: m² | G84: =11*1.5 -> 16.5 | H84: =150000/16.5 -> 9090.9091 | I84: =G84*H84 -> 150000
A85: 1.7.4 | C85: Supply and install steel Vee notch overflow weir 9m length | F85: m | G85: 18 | H85: =200000/18 -> 11111.111 | I85: =G85*H85 -> 200000
A86: 1.8 | C86: Module 2 Sedimentation Basins
A87: 1.8.1 | C87: Drain and Clean sedimetation basin 17mx38,6m | F87: no | G87: 2 | H87: 50000 | I87: =G87*H87 -> 100000
A88: 1.8.2 | C88: Supply and install steel framework for lamella tube settlers as per supplier's specification | F88: m³ | G88: 153 | H88: =H83 -> 28925.62 | I88: =G88*H88 -> 4425619.8
A89: 1.8.3 | C89: Supply and install baffle plate 11m x 1.5m | F89: m² | G89: 16.5 | H89: =H84 -> 9090.9091 | I89: =G89*H89 -> 150000
A90: 1.8.4 | C90: Supply and install steel Vee notch overflow weir 9m length | F90: m | G90: 18 | H90: =H85 -> 11111.111 | I90: =G90*H90 -> 200000
C91: Sand Filters Blocks
A92: 1.9 | B92: PSG 8.1.1 | C92: Formwork
B93: 8.2 | C93: Scheduled Form Items
B94: 8.2.2 | C94: Smooth
A95: 1.9.1 | C95: a) | D95: Vertical plane to sand filter wall extensions | F95: m² | G95: 84 | H95: 680 | I95: =G95*H95 -> 57120
A96: 1.9.2 | C96: b) | D96: Vertical plane to wall baffles in channel | F96: m² | G96: 33 | H96: 680 | I96: =G96*H96 -> 22440
B97: 8.3 | C97: Scheduled Reinforcement items
A98: 1.9.3 | B98: 8.3.2 | C98: a) | D98: High tensile steel bars Y10 (Sand Filter Wall Extension) | F98: t | G98: 16 | H98: 19500 | I98: =G98*H98 -> 312000
B99: 8.4 | C99: Scheduled Concrete Items
A100: 1.9.4 | B100: 8.4.2 | C100: Grade 15/19 Concrete Blinding layer 75mm thick | F100: m² | G100: 264 | H100: 100 | I100: =G100*H100 -> 26400
...

Sheet Part C
A1: SECTION A2 - MEGORING: EARTHWORKS (PIPE TRENCHES) - SANS 1200DB
A2: ITEM No | B2: PAYMENT REF | C2: DESCRIPTION | D2: UNIT | E2: QTY | F2: RATE | G2: AMOUNT R
A4: A2.1 | B4: 8.3.1 | C4: Site Clearance
A6: A2.1.1 | B6: 8.3.1 (a) | C6: Clear Vegetation and Trees of Girth Up to 1m (m 6 Wide Strip) | D6: m | E6: 240 | F6: 80 | G6: =E6*F6 -> 19200
A8: A2.1.2 | B8: 8.3.1 (b) | C8: Clear Trees of Girth Over 1,0 m and Designated Obstacles | D8: No | E8: Rate Only
A10: A2.1.3 | B10: PSDB 8.3.1 (c) | C10: Remove topsoil (strip to 150 mm Deep), Stockpile, Prevent Dust Nuisance and Reinstate on Upon Completion | D10: m² | E10: 480 | F10: 80 | G10: =E10*F10 -> 38400
A12: A2.2 | B12: 8.3.2 | C12: Excavation
B14: 8.3.2 (a) | C14: Excavate in all Materials for Trenches, Backfill, Compact and Dispose of Surplus Material with Depth Over and Up to:
A16: A2.2.1 | C16: 1.0 m 2.0 m | D16: m3 | E16: 50 | F16: 150 | G16: =E16*F16 -> 7500
A18: A2.2.2 | C18: 2.0 m 3.0 m | D18: m3 | E18: 1000 | F18: 200 | G18: =E18*F18 -> 200000
A20: A2.2.3 | C20: 3.0 m 4.0 m | D20: m3 | E20: 200 | F20: 250 | G20: =E20*F20 -> 50000
A22: A2.2.4 | C22: 4.0 m 5.0 m | D22: m3 | E22: 10 | F22: 300 | G22: =E22*F22 -> 3000
B24: PSDB8.3.2 | C24: Extra-over Item (a) above for:
A26: A2.2.5 | B26: 8.3.2 (b) (2) | C26: Hard Rock Excavation | D26: m³ | E26: 20 | F26: 1200 | G26: =E26*F26 -> 24000
A28: A2.2.6 | B28: PSDB 8.3.2 | C28: Excavate and Dispose of Boulders Class A | D28: m³ | E28: 10 | F28: 1200 | G28: =E28*F28 -> 12000
A30: A2.2.7 | B30: 8.3.2 (c) | C30: Excavate and Dispose of Unsuitable Material From Trench Bottom (provisional) | D30: m³ | E30: 50 | F30: 160 | G30: =E30*F30 -> 8000
A32: A2.3 | B32: 8.3.3 | C32: Excavation ancillaries
B34: 8.3.3.1 | C34: Make Up Deficiency in Backfill Material (provisional)
A36: A2.3.1 | B36: 8.3.3.1 (a) | C36: From Other Necessary Excavations On Site | D36: m³ | E36: 50 | F36: 100 | G36: =+F36*E36 -> 5000
A38: A2.3.2 | B38: PSDB 8.3.3.3 | C38: Compaction in Road Reserves
A40: A2.3.2.1 | B40: 8.3.3.3 (a) | C40: Under roadways to 93% MOD AASHTO | D40: m³ | E40: 200 | F40: 200 | G40: =+F40*E40 -> 40000
A42: A2.3.2.2 | B42: 8.3.3.3 (b) | C42: Elswhere to 93% to MOD AASHTO | D42: m³ | E42: 50 | F42: 200 | G42: =+F42*E42 -> 10000
A48: Total Carried Forward | G48: =SUM(G3:G47) -> 417100
A49: ITEM No | B49: PAYMENT REF | C49: DESCRIPTION | D49: UNIT | E49: QTY | F49: RATE | G49: AMOUNT R
A50: Brought Forward | G50: =+G48 -> 417100
A52: A2.4 | B52: 8.3.5 | C52: Existing Services that intersect or adjoin a Pipe Trench
B54: 8.3.5(a) | C54: Services That intersect a Trench
A56: A2.4.1 | C56: 1) Stock Fences | D56: No | E56: Rate Only
A58: A2.4.2 | C58: 2) Storm Water Pipes | D58: No | E58: Rate Only
A60: A2.4.3 | C60: 3) Water Pipes | D60: No | E60: Rate Only
A62: A2.4.4 | C62: 6) Gravel Roads | D62: No | E62: 2 | F62: 1500 | G62: =+F62*E62 -> 3000
B64: 8.3.5 (b) | C64: Services That adjoin a Trench
A66: A2.4.5 | C66: 1) Stock Fence | D66: m | E66: Rate Only
A68: A2.4.6 | C68: 2) Storm Water Pipes | D68: m | E68: 10 | F68: 50 | G68: =+F68*E68 -> 500
A70: A2.4.7 | C70: 3) Water Pipes | D70: m | E70: 165 | F70: 50 | G70: =+F70*E70 -> 8250
A72: A2.5 | B72: PSDB8.3.6 | C72: Finishing
B74: 8.3.6.1 | C74: Reinstate Road Surfaces Complete
A76: A2.5.1 | B76: 8.3.6.1 (a) | C76: Gravel Road Surfaces | D76: m² | E76: 150 | F76: 150 | G76: =+F76*E76 -> 22500
A78: A2.5.2 | B78: 8.3.7 | C78: Accommodation of traffic including bypass and signage | D78: Sum | E78: 1 | F78: 200000 | G78: 200000
A100: TOTAL SECTION A2 CARRIED TO SUMMARY | G100: =SUM(G50:G99) -> 651350
A101: SECTION A3 - MEGORING: MEDIUM PRESSURE PIPELINES - SANS 1200L
A102: ITEM No | B102: PAYMENT REF | C102: DESCRIPTION | D102: UNIT | E102: QTY | F102: RATE | G102: AMOUNT R
A104: A3.1 | B104: 8.2.1 | C104: Steel Pipes
A106: A3.1.1 | C106: Supply, Lay, Bed, Join and Test 600 ND / 8 mm Wall Thickness Grade X42 Beveled Steel Pipes, Pipes are to be Welded, CML internaly lined and Coated as per PSCL Particular Specifications. | D106: m | E106: 326 | F106: 8500 | G106: =+F106*E106 -> 2771000
A108: A3.1.2 | C108: Temporary By-pass Pipeline (800 ND Steel Pipeline available at PS2 Pump Station Lebowakgomo)
C109: Temporary By-pass Pipeline & Existing Fittings - Transport, Lay, Join and Test 800 ND / 10 mm Wall Thickness Grade C Beveled Steel Pipes, Epoxy lined and primer coat externally. Allow for machining of rough pipe ends to allow for joining. | D109: m | E109: 160 | F109: 1200 | G109: =+F109*E109 -> 192000
A111: A3.1.3 | C111: Pre-Cast Concrete Plinths with Pipe Straps (Available at PS2 Pump Station Lebowakgomo)
C112: Pre-Cast Concrete Plinths inclusive of Transport, Earthworks & Excavation, preparation & compaction, leveling, Rubber insertions between plinths & pipes, all nuts and washers. | D112: no | E112: 21 | F112: 6500 | G112: =+F112*E112 -> 136500
A114: A3.1.4 | C114: Temporary By-pass Pipeline Dismantling
C115: Dismantling of the by-pass pipeline (800 ND) and transporting the Pipes & All Fittings back to PS2 Pump Station - Lebowakgomo) | D115: m | E115: 160 | F115: 750 | G115: =+F115*E115 -> 120000
C117: Dismantling of the Plinth Pipe straps and transporting the plinths, straps, rubber insertions, nuts & washers back to PS2 Pump Station - Lebowakgomo) | D117: no | E117: 21 | F117: 5500 | G117: =+F117*E117 -> 115500
A119: A3.1.5 | C119: Existing 600 ND Steel Pipe cutting and transporting to PS2 Pump Station - Lebowakgomo) | D119: m | E119: 163 | F119: 220 | G119: =+F119*E119 -> 35860
A127: Total Carried Forward | G127: =SUM(G103:G126) -> 3370860
A128: ITEM No | B128: PAYMENT REF | C128: DESCRIPTION | D128: UNIT | E128: QTY | F128: RATE | G128: AMOUNT R
A129: Brought Forward | G129: =+G127 -> 3370860
A131: A3.3 | B131: 8.2.2 | C131: Steel Fittings
A133: A3.3.1 | C133: Steel Bends PN40- Supply, Lay, Join, Test and Bed 600mm ND / 8mm Wall Thickness Grade X52 Steel Bends with Solvent Free Liquid Epoxy Lining and Coated as per PSCL Particular Specifications for The Following:
A135: A3.3.1.1 | C135: 0º - 5º | D135: No | E135: 8 | F135: 15000 | G135: =+F135*E135 -> 120000
A137: A3.3.1.2 | C137: 20º - 45º | D137: No | E137: 10 | F137: 30000 | G137: =+F137*E137 -> 300000
A139: A3.3.2 | C139: Steel Fittings for Temporary By-Pass Pipeline PN40 as per drawing: P1001-EB1L-CIV-1301- Supply, Lay, Join, Test and Bed 600mm ND / 8mm Wall Thickness Grade X52 Steel Fittings with Solvent Free Liquid Epoxy Lining and Coated as per PSCL Particular Specifications for The Following:
A141: A3.3.2.1 | C141: Straight Pipe Section, 600mm ND, roughly 500mm long, Flanged one side & plain ended the other side (Item number TC1) | D141: No | E141: 4 | F141: 9279.2 | G141: =+F141*E141 -> 37116.8
A143: A3.3.2.2 | C143: Dismantling Coupling, 600mm ND (Item number TC2) | D143: No | E143: 4 | F143: 70840 | G143: =+F143*E143 -> 283360
A145: A3.3.2.3 | C145: Straight Pipe Section, 600mm ND, 1000mm long, Flanged both sides (Item number TC3) | D145: No | E145: 4 | F145: 13256 | G145: =+F145*E145 -> 53024
A147: A3.3.2.4 | C147: Short Radius Bend, 600mm ND, Flanged both sides (Item number TC4) | D147: No | E147: 2 | F147: 44000 | G147: =+F147*E147 -> 88000
A149: A3.3.2.5 | C149: Straight Pipe Section, 600mm ND roughly 3000mm long, Flanged both sides (Item number TC5) | D149: No | E149: 2 | F149: 29900 | G149: =+F149*E149 -> 59800
A151: A3.3.2.6 | C151: Sweep Tee, 600mm ND, Flanged all sides (Item number TC6) | D151: No | E151: 2 | F151: 69800 | G151: =+F151*E151 -> 139600
A153: A3.3.2.7 | C153: Steel Reducer, 600mm ND to 800mm ND, Flanged on 600mm side & plain ended on 800mm side (Item number TC7) | D153: No | E153: 2 | F153: 48080 | G153: =+F153*E153 -> 96160
A155: A3.3.2.8 | C155: Steel Tee, 800mm x 800mm x 600mm ND, Flanged on 600mm side, plain ended the other two sides | D155: No | E155: 1 | F155: 79100 | G155: =+F155*E155 -> 79100
A159: Total Carried Forward | G159: =SUM(G129:G158) -> 4627020.8
A160: ITEM No | B160: PAYMENT REF | C160: DESCRIPTION | D160: UNIT | E160: QTY | F160: RATE | G160: AMOUNT R
A161: Brought Forward | G161: =+G159 -> 4627020.8
A163: A3.3.2.9 | C163: 600mm Blank Flange with 150mm drilled opening with a 150mm Flanged Pipe Section. | D163: No | E163: 1 | F163: 9805 | G163: =+F163*E163 -> 9805
A165: A3.3.2.10 | C165: 150mm RSV Gate Valve, Non-Rising Spindle & Hand Operated | D165: No | E165: 1 | F165: 33400 | G165: =+F165*E165 -> 33400
A167: A3.3.2.11 | C167: 150mm Air Valve, Double Orifice, Dual Action with mechanism to prevent slamming | D167: No | E167: 1 | F167: 41045 | G167: =+F167*E167 -> 41045
A169: A3.4 | B169: 8.2.3 | C169: VALVE CHAMBERS
A171: A3.4.1 | C171: Air Valve Chambers
A173: A3.4.1.1 | C173: Air Valve Chamber for 100DN double orfice vaccum break PN40 air valve including isolating valve, Complete as Shown on Drawing, including all the pipework, Excavation, Reinforcement and Concrete Work, Supply Material | D173: No | E173: 2 | F173: 800000 | G173: =+F173*E173 -> 1600000
A175: A3.4.1.2 | C175: Dismantling fittings and valves inside existing air valve chambers and transport all items to PS2 Pump Station - Lebowakgomo). Demolish the existing air valve chamber structures and remove rubble. | D175: No | E175: 2 | F175: 15000 | G175: =+F175*E175 -> 30000
A177: A3.4.2 | C177: Scour Valve Chamber
A179: A3.4.2.1 | C179: Scour Valve Chamber PN40, with 2x 200mm Scour valves and 400mm dismantling coupling including 400mm isolating valve, with 100mm dia by-pass and gate valve. Complete as Shown on Drawing, including all the pipework, Excavation, Reinforcement and Concrete Work, Supply Material | D179: No | E179: 1 | F179: 2800000 | G179: =+F179*E179 -> 2800000
A181: A3.4.2.2 | C181: Dismantling fittings and valves inside existing scour valve chambers and transport all items to PS2 Pump Station - Lebowakgomo). Demolish the existing scour valve chamber structures and remove rubble. | D181: No | E181: 2 | F181: 15000 | G181: =+F181*E181 -> 30000
A186: Total Carried Forward | G186: =SUM(G161:G185) -> 9171270.8
A187: ITEM No | B187: PAYMENT REF | C187: DESCRIPTION | D187: UNIT | E187: QTY | F187: RATE | G187: AMOUNT R
A188: Brought Forward | G188: =+G186 -> 9171270.8
A190: A3.5 | C190: General
A192: A3.5.1 | B192: PSL5.11 | C192: Cut-in and Connect to Existing Water infrastructure within Stipulated Time Frame including all Pipework as Specified. Inclusive for Both 600mm ND pipelines, on both sides (start and end points) and for both the temporary by-pass pipeline and the new permanent two river crossing pipelines. | D192: Sum | E192: 1 | F192: 1500000 | G192: =+F192*E192 -> 1500000
A194: A3.5.2 | B194: PSPS3.16 | C194: Radiographic Examination and Testing of Pipe Welded Joints | D194: No | E194: 22 | F194: 3000 | G194: =+F194*E194 -> 66000
A230: TOTAL SECTION A3 CARRIED TO SUMMARY | G230: =SUM(G188:G229) -> 10737271
A231: SECTION A4 - MEGORING: BEDDING (FLEXIBLE PIPES) - SANS 1200LB
A232: ITEM No | B232: PAYMENT REF | C232: DESCRIPTION | D232: UNIT | E232: QTY | F232: RATE | G232: AMOUNT R
A234: A4.1 | B234: PSLB 8.2.1 | C234: Provision of Bedding From Trench Excavation
A236: A4.1.1 | C236: a) Selected Granular Material | D236: m³ | E236: 30 | F236: 100 | G236: =+F236*E236 -> 3000
A238: A4.1.2 | C238: B) Selected Fill Material | D238: m³ | E238: 14 | F238: 100 | G238: =+F238*E238 -> 1400
A240: A4.2 | B240: 8.2.2 | C240: Supply only of Bedding By Importation
B242: 8.2.2.3 | C242: From Commercial Sources
A244: A4.2.1 | C244: a) Selected Granular Material | D244: m³ | E244: 260 | F244: 300 | G244: =+F244*E244 -> 78000
A246: A4.2.2 | C246: B) Selected Fill Material | D246: m³ | E246: 80 | F246: 250 | G246: =+F246*E246 -> 20000
A249: A4.3 | B249: 8.2.3 | C249: Encasing Pipes in Concrete
C251: Supply Material and Construct Concrete Encasement for 2 x 600 DN Pipes for River Crossings as Specified on Drawings.
A253: A4.3.1 | C253: Concrete Grade 15/19 | D253: m³ | E253: 294 | F253: 2500 | G253: =+F253*E253 -> 735000
...
